 Dungeon Crawl Stone Soup version 0.19.0-22-gd96e5fe (console) character file.

253 2d6 the Conjurer (level 5, -9/39 HPs)
             Began as a Demonspawn Air Elementalist on Nov 19, 2016.
             Mangled by an ogre
             ... wielding a +0 giant club
              (26 damage)
             ... on level 4 of the Dungeon.
             The game lasted 00:20:35 (6403 turns).

2d6 the Conjurer (Demonspawn Air Elementalist)      Turns: 6403, Time: 00:20:35

Health: -9/39      AC:  3    Str:  9    XL:     5   Next: 90%
Magic:  1/8        EV: 12    Int: 16    God:
Gold:   166        SH:  0    Dex: 14    Spells: 3 memorised, 3 levels left

rFire  . . .     SeeInvis .     i - +2 short sword (venom)
rCold  . . .     Gourm    .     w - +0 leather armour
rNeg   . . .     Faith    .     (no shield)
rPois  .         Spirit   .     (no helmet)
rElec  .         Reflect  .     (no cloak)
rCorr  .         Harm     .     (no gloves)
MR     .....                    (no boots)
Stlth  +++.......               (no amulet)
                                (no ring)
                                y - ring of stealth

@: very slightly contaminated
A: hooves 1, nightstalker 1
a: no special abilities


You were on level 4 of the Dungeon.
You were not hungry.

You visited 1 branch of the dungeon, and saw 4 of its levels.

You collected 166 gold pieces.

Inventory:

Hand Weapons
 d - a +0 club
 g - a +0 halberd
 i - a +2 short sword of venom (weapon)
Missiles
 e - 91 stones (quivered)
Armour
 a - a +0 robe
 w - a +0 leather armour (worn)
Jewellery
 y - a ring of stealth (left hand)
Scrolls
 f - a scroll of random uselessness {unknown}
 h - 4 scrolls of amnesia
 j - a scroll of recharging {unknown}
 l - 3 scrolls of teleportation
 m - 3 scrolls of fear {unknown}
 n - 3 scrolls of identify {unknown}
 o - a scroll of enchant armour {unknown}
 t - a scroll of immolation {unknown}
 v - a scroll of noise {unknown}
Potions
 k - 2 potions of cancellation {unknown}
 p - a potion of mutation {unknown}
 q - a potion of might {unknown}
 r - 3 potions of curing {unknown}
 u - a potion of haste {unknown}
 z - a potion of resistance {unknown}
Books
 b - a book of Air

   Spells                             Type                      Level
   a - Shock                          Conjuration/Air              1
   b - Swiftness                      Charms/Air                   2
   c - Repel Missiles                 Charms/Air                   2
   d - Static Discharge               Conjuration/Air              3
   e - Lightning Bolt                 Conjuration/Air              5
 s - a book of Necromancy

   Spells                             Type                      Level
   a - Pain                           Necromancy                   1
   b - Animate Skeleton               Necromancy                   1
   c - Vampiric Draining              Necromancy                   3
   d - Regeneration                   Charms/Necromancy            3
   e - Animate Dead                   Necromancy                   4
   f - Control Undead                 Necromancy                   4
Comestibles
 c - 2 bread rations


   Skills:
 + Level 2.7 Fighting
 + Level 0.3 Armour
 - Level 3.0 Dodging
 - Level 1.7 Stealth
 - Level 2.3 Spellcasting
 + Level 3.3 Conjurations
 + Level 1.6 Necromancy
 - Level 2.8 Air Magic


You had 3 spell levels left.
You knew the following spells:

 Your Spells              Type           Power        Failure   Level  Hunger
a - Shock                 Conj/Air       ##..         10%         1    #......
b - Static Discharge      Conj/Air       ##......     24%         3    ###....
c - Pain                  Necr           #...         17%         1    #......


Dungeon Overview and Level Annotations

Branches:
Dungeon (4/15)
 Temple: D:4-7

Altars:
Fedhas


Innate Abilities, Weirdness & Mutations

You have large cloven feet.
You are slightly more attuned to the shadows.


Message History

The zap hits the ogre.
The ogre is heavily wounded.
The ogre completely misses you.
Casting: Shock
Confirm with . or Enter, or press ? or * to list all spells.
Aiming: Shock
Press: ? - help, Shift-Dir - straight line, f/p - ogre
Aim: an ogre, wielding a giant club (heavily wounded)
The zap hits the ogre.
The ogre is heavily wounded.
Casting: Shock
Confirm with . or Enter, or press ? or * to list all spells.
Aiming: Shock
Press: ? - help, Shift-Dir - straight line, f/p - ogre
Aim: an ogre, wielding a giant club (heavily wounded)
The zap hits the ogre.
The ogre is severely wounded.
The ogre hits you with a giant club!!
Ouch! That really hurt!
You die...

##......##........#
........#....#....
#.###....##..#<.##
######.#..............#
#............##........
o..####.#.....####......
####.#.....# #..##...
#...O####### #.###...
#..#.@# ####.#....# #..
##.# #.......### ## #+#
####.#.## #......#
#......# #......#
#......# #......#
#......#


You could see an ogre.

Vanquished Creatures
  An iguana (D:4)
  A worker ant (D:3)
  9 adders
  A gnoll (D:1)
  2 oozes
  An adder skeleton (D:4)
  4 worms
  6 dart slugs
  3 leopard geckos
  3 orcs (D:3)
  3 ball pythons
  2 goblins (D:3)
  12 hobgoblins
  6 jackals
  7 kobolds
  5 bats
  3 frilled lizards
  9 rats
78 creatures vanquished.

Notes
Turn   | Place    | Note
-------+----------+-------------------------------------------
     0 | D:1      | 2d6 the Demonspawn Air Elementalist began the quest for the Orb.
     0 | D:1      | Reached XP level 1. HP: 13/13 MP: 3/3
   655 | D:1      | Gained mutation: You have large cloven feet. [demonic ancestry]
   655 | D:1      | Reached XP level 2. HP: 20/20 MP: 0/5
   818 | D:1      | Reached skill level 1 in Fighting
  1042 | D:1      | Reached XP level 3. HP: 24/26 MP: 2/6
  2464 | D:2      | Gained mutation: You are slightly more attuned to the shadows. [demonic ancestry]
  2464 | D:2      | Reached XP level 4. HP: 16/33 MP: 0/7
  3069 | D:2      | Learned a level 3 spell: Static Discharge
  3791 | D:3      | Learned a level 1 spell: Pain
  4581 | D:3      | Reached XP level 5. HP: 33/38 MP: 0/8
  4623 | D:3      | Found a blossoming altar of Fedhas.
  5086 | D:3      | Reached skill level 1 in Necromancy
  6369 | D:4      | Noticed an ogre
  6403 | D:4      | Mangled by an ogre

Skill      XL: |  1  2  3  4  5 |
---------------+----------------+-----
Dodging        | 2 3 |  3.0
Fighting       | 1 2 |  2.7
Conjurations   | 2 3 |  3.3
Necromancy     | 1 |  1.6
Armour         | |  0.3
Stealth        | |  1.7
Spellcasting   | |  2.3
Air Magic      | |  2.8

Action                   |  1- 3 |  4- 6 || total
-------------------------+-------+-------++-------
Melee: Club              |     9 |       ||     9
       Short sword       |    34 |    38 ||    72
       Kick              |     4 |     7 ||    11
 Cast: Shock             |    76 |   121 ||   197
       Pain              |       |     5 ||     5
       Static Discharge  |       |     1 ||     1
  Use: Scroll            |       |     3 ||     3
 Stab: Sleeping          |       |     2 ||     2
  Eat: Chunk             |     6 |     9 ||    15
       Bread ration      |       |     1 ||     1
Armor: Robe              |     9 |     2 ||    11
       Leather armour    |       |     2 ||     2
Dodge: Dodged            |    35 |    61 ||    96
